 Dungeon Crawl Stone Soup version 0.32-a0-685-g93135e86f0 (webtiles) character file.

Game seed: 5933037953545080569

88458 AutarchDCSS the Metamorph (level 15, -4/187 (192) HPs)
             Began as a Black Draconian Alchemist on Mar 12, 2024.
             Was the Champion of Ru.
             Collided with a rock wall (19 damage)
             ... after being knocked back by a ghostly deep elf knight
             ... on level 1 of the Elven Halls.
             The game lasted 01:18:06 (34508 turns).

AutarchDCSS the Metamorph (DrAl)                   Turns: 34508, Time: 01:18:07

HP:   -4/187 (192)  AC: 19    Str: 21    XL:     15   Next: 46%
MP:   12/24         EV: 10    Int: 23    God:    Ru [******]
Gold: 1775          SH:  0    Dex: 11    Spells: 17/26 levels left

rFire   + .          .
                       - Unarmed
rCold   . . .        H - melded +2 buckler
rNeg    . . .        (body armour unavailable)
rPois   +            (helmet currently unavailable)
rElec   +            F - melded +0 cloak
rCorr   .            N - melded +0 pair of gloves
SInv    .            (boots currently unavailable)
Will    +....        X - amulet of magic regeneration Stlth
                     e - +4 ring of protection
HPRegen 0.51/turn    R - ring of protection from fire
MPRegen 0.59/turn

%: inaccuracy (-5)
@: dragon-form, flying, lightly drained
A: dragon claw, dragon scales, flying, boosted hp, galvanic breath, AC +9,
giant, unfitting armour, (big wings), electricity resistance, (cold-blooded), no
stealth, inability to use devices, hated by all, cowardly, no earth magic, no
hexes magic, no translocations magic, missing an eye
a: Galvanic Breath, Begin Untransformation, Renounce Religion, Draw Out Power,
Power Leap, Apocalypse


You were on level 1 of the Elven Halls.
You worshipped Ru.
Ru was exalted by your worship.
You were a fearsome storm dragon!
You visited 5 branches of the dungeon, and saw 21 of its levels.
You also visited: Ice Cave.

You collected 1995 gold pieces.
You spent 220 gold pieces at shops.

Inventory:

Hand Weapons
 M - the +0 whip of Raresh {pain, rPois rC+++ Dex-3 Stlth+}
   (You found it on level 10 of the Dungeon)

   Dex-3:     It affects your dexterity (-3).
   rC+++:     It renders you almost immune to cold.
   rPois:     It protects you from poison.
   Stlth+:    It makes you more stealthy.
Missiles
 h - 3 throwing nets
 l - 13 javelins
 J - 25 poisoned darts
Armour
 m - the +3 pair of mountain boots {steadfast, rC+}
   (You found it in an ice cave)

   Steadfast: It prevents involuntary movement, except for blinking,
   teleportation, or banishment.
   rC+:       It protects you from cold.
 F - a +0 cloak (melded)
 H - a +2 buckler (melded)
 N - a +0 pair of gloves (melded)
 Y - the +1 hat of Huneinea {Harm +Inv}
   (You acquired it on level 1 of the Elven Halls)

   +Inv:      It lets you turn invisible.
   Harm:      It increases damage dealt and taken.
Jewellery
 e - a +4 ring of protection (left foreclaw)
 i - a ring of protection from fire
 v - a ring of fire
 A - a ring of resist corrosion
 E - a +6 ring of dexterity
 G - a ring of magical power
 I - a +6 ring of dexterity
 K - a ring of willpower
 L - the ring of Tiylua Liati {rElec EV+5}
   (You bought it in a shop on level 10 of the Dungeon)

   [ring of evasion]

   EV+5:      It affects your evasion (+5).
   rElec:     It insulates you from electricity.
 R - a ring of protection from fire (right foreclaw)
 X - an amulet of magic regeneration (around neck)
 Z - a ring of ice
Talismans
 b - a serpent talisman
 z - a granite talisman
 S - a dragon-blood talisman (active)
Scrolls
 c - a scroll of vulnerability
 d - 5 scrolls of identify
 f - 9 scrolls of teleportation
 j - 2 scrolls of enchant armour
 k - 8 scrolls of noise
 n - 5 scrolls of immolation
 q - 3 scrolls of amnesia
 t - 3 scrolls of blinking
 u - 2 scrolls of silence
 w - 2 scrolls of fear
 x - 3 scrolls of fog
 y - 2 scrolls of revelation
 O - 3 scrolls of enchant weapon
 P - 2 scrolls of brand weapon
 V - 2 scrolls of poison
Potions
 a - a potion of magic
 g - 4 potions of might
 o - 8 potions of curing
 p - 4 potions of lignification
 r - 2 potions of berserk rage
 s - 4 potions of mutation
 B - a potion of resistance
 C - 6 potions of ambrosia
 D - 3 potions of heal wounds
 Q - 2 potions of attraction
 T - 3 potions of haste
 U - 3 potions of enlightenment
 W - 3 potions of brilliance


   Skills:
 + Level 10.8 Fighting
 - Level 5.7 Short Blades
 - Level 8.0 Dodging
 - Level 6.0 Shields
 - Level 11.6 Unarmed Combat
 - Level 6.0 Spellcasting
 - Level 1.0 Conjurations
 - Level 5.0 Fire Magic
 + Level 3.5 Air Magic
 - Level 8.0 Alchemy
 - Level 16.0 Shapeshifting


You had 17 spell levels left.
You knew the following spells:

 Your Spells              Type           Power      Damage    Failure   Level
a - Sting                 Conj/Alch      100%       1d9       1%          1
b - Olgreb's Toxic Radia  Alch           43%        N/A       3%          4
c - Sticky Flame          Fire/Alch      36%        2d8       6%          4

Your spell library contained the following spells:

 Spells                   Type           Power      Damage    Failure   Level
 Mercury Vapours          Alch/Air       66%        N/A       1%          2
 Static Discharge         Conj/Air       34%        3-5/arc   4%          2
 Mephitic Cloud           Conj/Alch/Air  26%        N/A       4%          3
 Freeze                   Ice            24%        1d4       9%          1
 Necrotise                Necr           24%        1d5       9%          1
 Alistair's Intoxication  Alch           28%        N/A       9%          5
 Hailstorm                Conj/Ice       9%         3d6       21%         3
 Airstrike                Air            11%        2d(2-18)  21%         4
 Flame Wave               Conj/Fire      20%        2d7       24%         4
 Frozen Ramparts          Ice            12%        1d2       26%         3
 Fugue of the Fallen      Necr           6%         N/A       26%         3
 Ozocubu's Armour         Ice            6%         N/A       26%         3
 Eringya's Noxious Bog    Alch           21%        4d6       43%         6
 Apportation              Tloc           Unusable   N/A       N/A         1
 Summon Small Mammal      Summ           Unusable   N/A       N/A         1
 Inner Flame              Hex/Fire       Unusable   N/A       N/A         3
 Jinxbite                 Hex            Unusable   N/A       N/A         2
 Lesser Beckoning         Tloc           Unusable   N/A       N/A         2
 Call Canine Familiar     Summ           Unusable   N/A       N/A         3
 Gell's Gravitas          Tloc           Unusable   N/A       N/A         3
 Teleport Other           Tloc           Unusable   N/A       N/A         3
 Tukima's Dance           Hex            Unusable   N/A       N/A         3
 Summon Blazeheart Golem  Fire/Summ      Unusable   N/A       N/A         4
 Summon Lightning Spire   Summ/Air       Unusable   N/A       N/A         4
 Yara's Violent Unravell  Hex/Alch       Unusable   3d7       N/A         5
 Manifold Assault         Tloc           Unusable   N/A       N/A         4
 Passage of Golubria      Tloc           Unusable   N/A       N/A         4
 Summon Forest            Summ/Tloc      Unusable   N/A       N/A         5
 Summon Hydra             Summ           Unusable   N/A       N/A         7

Dungeon Overview and Level Annotations

Branches:
Dungeon (12/15)            Temple (0/1) D:7            Lair (5/5) D:9
  Swamp (0/4) Lair:2        Snake (1/4) Lair:2        Slime (0/5) Lair:5
    Orc (2/2) D:12            Elf (1/3) Orc:2         IceCv (visited)

Altars:
Cheibriados
Dithmenos
Elyvilon
Gozag
Kikubaaqudgha
Makhleb
Nemelex Xobeh
Okawaru
Ru
Trog
Uskayaw
Wu Jian
Xom
Zin

Shops:
D:3 [?:((   D:6 *   D:10 [[*[[*   Orc:1 :   Orc:2 ([!*   Snake:1 [

Annotations:
D:6 3 runed translucent doors, Maggie; Shayle's ghost, novice CoAl
D:11 exclusion: orange crystal statue
D:12 1 runed translucent door, hikkokomori's ghost, journeyman CoBe


Innate Abilities, Weirdness & Mutations

You are a fearsome storm dragon!
You have a powerful clawing attack.
Your giant scaled body is strong and resilient, but less evasive.
Your breath weapon is enhanced in this form.
You are flying.
Your maximum health is greatly increased.
Your armour is entirely melded.
You are incapable of wielding weapons or throwing items.
You can breathe arcing electricity.
Your glossy black scales are hard. (AC +9)
You cannot fit into any form of body armour.
((Your large and strong wings let you fly.))
You are resistant to electric shocks. (rElec)
((You are cold-blooded and may be slowed by cold attacks.))
You cannot be stealthy.
You cannot study or use magical devices.
You are hated by all.
Your cowardice makes you less effective in combat with threatening foes.
You cannot study or cast Earth magic.
You cannot study or cast Hexes magic.
You cannot study or cast Translocations magic.
You are missing an eye, making it more difficult to aim.


Message History

Something hits you but does no damage.
You redirect something's attack!
Something hits you but does no damage.
You miss something. Something hits you!
You miss something.
Your tail-slap misses something.
Something hits you!
You miss something.
You redirect something's attack!
Something hits you but does no damage.
The ghostly deep elf zephyrmancer begins to cast a spell, but is stunned by your conviction!
Casting: Olgreb's Toxic Radiance (mildly dangerous; 3% risk of failure)
Confirm with . or Enter, or press ? or * to list all spells.
You begin to radiate toxic energy.
Something hits you but does no damage. Something hits you!
You barely miss something. Your claw misses something. Something hits you.
You focus your inner power and blind something in retribution!
You hit something. You bite something.
The ghostly deep elf zephyrmancer is stunned by your conviction and fails to attack.
Something hits you.
You completely miss something.
Your tail-slap misses something.
Something hits you.
The ghostly deep elf zephyrmancer mumbles some strange words.
The ghostly deep elf zephyrmancer blinks!
You miss something.
Your toxic aura wanes.
You hear some strange, mumbled words.
A shard of ice appears from out of thin air!
The shard of ice hits you!!
* * * LOW HITPOINT WARNING * * *
Casting: Olgreb's Toxic Radiance (mildly dangerous; 3% risk of failure)
Confirm with . or Enter, or press ? or * to list all spells.
Aiming: Sticky Flame (mildly dangerous; 6% risk of failure)
Press: ? - help, Shift-Dir - straight line The sticky flame hits something.
The ghostly deep elf knight burns!
The ghostly deep elf knight points at you and mumbles some strange words.
The lance of force hits you!!
* * * LOW HITPOINT WARNING * * *
You are knocked back by the lance of force.
You slam into the rock wall!
You die...
Ru respects your ultimate sacrifice.

#......
##.......
#........
#........
#........
#.....e..
#ยง.......
######De......
###...#'##......
#.......# .....
#.......# ####
#...)...#
#....)))+
#....)..#
###...#'##
######.##


You could see a ghostly deep elf knight (fast, invisible, blind, unable to see
you, burning) and a ghostly deep elf zephyrmancer.

Vanquished Creatures
  A nagaraja (Snake:1)
  A dire elephant (Lair:5)
  A hydra (Lair:4)
  Fannar (Orc:1)
  Erolcha (D:9)
  2 catoblepae
  9 anacondas (Snake:1)
  An ice dragon (D:12)
  4 two-headed ogres
  2 boulder beetles
  A deep troll shaman (Lair:5)
  7 death yaks (Lair:5)
  9 naga warriors (Snake:1)
  Sonja (Orc:1)
  2 shock serpents (Snake:1)
  Nergalle (Orc:1)
  2 deep elf knights (Elf:1)
  3 skysharks
  3 naga sharpshooters (Snake:1)
  4 mana vipers (Snake:1)
  3 naga ritualists (Snake:1)
  A thermic dynamo (Elf:1)
  A deep elf zephyrmancer (Elf:1)
  3 deep elf pyromancers (Elf:1)
  A deep elf archer (Elf:1)
  Pikel (D:6)
  An orc sorcerer (Orc:1)
  5 orc knights (Orc:2)
  Maurice (D:10)
  2 ugly things
  A salamander (Snake:1)
  6 elephants
  4 kobold blastminers
  Joseph (D:7)
  3 gargoyles
  5 naga magi (Snake:1)
  12 black mambas
  4 torpor snails (Lair:5)
  9 cane toads
  An unseen horror (D:11)
  A freezing wraith (Orc:2)
  6 rime drakes
  Psyche (D:10)
  4 komodo dragons
  A queen bee (D:9)
  4 trolls
  Grinder (D:5)
  7 polar bears
  Prince Ribbit (D:6)
  11 blink frogs
  12 dream sheep
  Sigmund (D:6)
  2 centaur simulacra (D:12)
  An air elemental (Elf:1)
  A shadow (D:11)
  32 yaks
  A spriggan (Lair:4)
  A water elemental (Elf:1)
  2 wraiths
  4 wyverns
  3 basilisks
  Grum (D:10)
  A warg (Orc:1)
  4 vampire mosquitoes (D:12)
  A harpy simulacrum (IceCv)
  An acid dragon (D:10)
  8 nagas
  13 water moccasins
  2 ice beasts
  37 orc warriors
  9 black bears
  5 ogres
  24 wolves
  9 centaurs
  A phantom (D:5)
  Blork the orc (D:5)
  3 kobold brigands
  5 scorpions
  14 bullfrogs
  3 gnoll sergeants
  A cane toad simulacrum (IceCv)
  8 wights
  An elephant simulacrum (IceCv)
  25 killer bees
  3 howler monkeys
  7 electric eels
  2 bombardier beetles
  3 hounds
  Crazy Yiuf (D:7)
  14 orc priests
  A gnoll bouda (D:4)
  6 jellies (Lair:5)
  3 iguanas
  3 sleepcaps
  7 hell rats (Lair:2)
  22 orc wizards
  A wolf simulacrum (IceCv)
  16 gnolls
  3 adders
  2 ufetubi (D:6)
  3 ribbon worms
  3 dart slugs
  70 orcs
  10 ball pythons
  7 endoplasms
  4 giant cockroaches
  10 goblins
  8 hobgoblins
  6 jackals
  6 quokkas
  12 bats
  18 kobolds
  8 rats
  A butterfly (Lair:5)
655 creatures vanquished.

Vanquished Creatures (others)
  A deep elf death mage (Elf:1)
  A hydra (Lair:2)
  A death yak (Lair:5)
  A cyclops (D:11)
  A salamander (Snake:1)
  A kobold blastminer (Orc:2)
  3 black mambas
  A naga mage (Snake:1)
  A water moccasin (D:7)
  2 wolves
  A centaur (Orc:2)
  An orc priest (Orc:1)
  An orc (Orc:1)
16 creatures vanquished.

Grand Total: 671 creatures vanquished

Notes
Turn   | Place    | Note
-------+----------+-------------------------------------------
     0 | D:1      | AutarchDCSS the Draconian Alchemist began the quest for the
                  | Orb.
     0 | D:1      | Reached XP level 1. HP: 14/14 MP: 3/3
   272 | D:1      | Reached XP level 2. HP: 20/20 MP: 0/5
   957 | D:1      | Reached XP level 3. HP: 26/26 MP: 4/7
  1408 | D:2      | Found a faded altar of an unknown god.
  1557 | D:2      | Reached XP level 4. HP: 33/33 MP: 5/8
  2052 | D:3      | Found a blossoming altar of Fedhas.
  2053 | D:3      | Found a snail-covered altar of Cheibriados.
  2056 | D:3      | Found an opulent altar of Gozag.
  2075 | D:3      | Found an ornate altar of the Wu Jian Council.
  2075 | D:3      | Found a sparkling altar of Nemelex Xobeh.
  2076 | D:3      | Found a bloodstained altar of Trog.
  2103 | D:3      | Found Vuceyh Gomo's Magic Scroll Shop.
  2113 | D:3      | Bought a scroll of teleportation for 30 gold pieces
  2113 | D:3      | Bought a scroll of blinking for 75 gold pieces
  2113 | D:3      | Bought a scroll of identify for 20 gold pieces
  2124 | D:3      | Found a sacrificial altar of Ru.
  2207 | D:3      | Found Iqagav's Book Boutique.
  2216 | D:3      | Found Angi's Antique Weapon Boutique.
  2360 | D:3      | Found Ipiczula's Weapon Emporium.
  2559 | D:3      | Learned a level 4 spell: Olgreb's Toxic Radiance
  2584 | D:3      | Found Ebeco's Antique Armour Shoppe.
  2635 | D:4      | Noticed an ogre
  2742 | D:4      | Found a basalt altar of Yredelemnul.
  2748 | D:4      | Noticed an ice beast
  3137 | D:4      | Noticed a scorpion
  3148 | D:4      | Killed a scorpion
  3149 | D:4      | Reached skill level 5 in Alchemy
  3149 | D:4      | Reached XP level 5. HP: 26/38 MP: 3/9
  3730 | D:4      | Noticed an ogre
  3739 | D:4      | Reached XP level 6. HP: 43/45 MP: 1/10
  4146 | D:4      | Killed an ice beast
  4147 | D:4      | Your scales start taking on a glossy black colour.
  4147 | D:4      | Reached XP level 7. HP: 31/57 MP: 1/11
  4147 | D:4      | Gained mutation: You are resistant to electric shocks.
                  | (rElec) [Black Draconian growth]
  4953 | D:3      | Became a worshipper of Ru the Awakened
  5014 | D:5      | Entered Level 5 of the Dungeon
  5025 | D:5      | Reached skill level 5 in Fighting
  5383 | D:5      | Noticed Blork the orc
  5391 | D:5      | Killed Blork the orc
  5660 | D:5      | Reached XP level 8. HP: 58/68 MP: 7/12
  6037 | D:5      | Reached skill level 1 in Short Blades
  6178 | D:5      | Noticed Grinder
  6192 | D:5      | Killed Grinder
  6193 | D:5      | Reached skill level 5 in Dodging
  6546 | D:6      | Noticed Prince Ribbit
  6567 | D:6      | Killed Prince Ribbit
  6911 | D:6      | Found a shimmering altar of Xom.
  6934 | D:6      | Noticed Maggie
  7222 | D:6      | Found a runed translucent gate.
  7224 | D:6      | Found a runed translucent gate.
  7225 | D:6      | Found a runed translucent gate.
  7259 | D:6      | Noticed Sigmund
  7268 | D:6      | Killed Sigmund
  7280 | D:6      | Gained mutation: You cannot study or use magical devices.
                  | [Ru sacrifice]
  7280 | D:6      | Reached * piety under Ru
  7280 | D:6      | Reached ** piety under Ru
  7446 | D:6      | Reached XP level 9. HP: 74/74 MP: 5/13
  7640 | D:6      | Found Zin's Purification Station.
  7642 | D:6      | Found a glowing silver altar of Zin.
  7684 | D:6      | Noticed Pikel
  7714 | D:6      | Killed Pikel
  7715 | D:6      | Reached skill level 5 in Short Blades
  8179 | D:6      | Noticed Shayle's ghost (novice CoAl)
  8185 | D:6      | Noticed a spectral unseen horror
  8347 | D:7      | Reached skill level 1 in Unarmed Combat
  8992 | D:7      | Learned a level 4 spell: Sticky Flame
  9050 | D:7      | Found a shadowy altar of Dithmenos.
  9099 | D:7      | Noticed Joseph
  9132 | D:7      | Killed Joseph
  9514 | D:7      | Found a burning altar of Makhleb.
  9686 | D:7      | Found a staircase to the Ecumenical Temple.
 10288 | D:7      | Reached XP level 10. HP: 68/76 MP: 6/14
 10532 | D:7      | Found an iron altar of Okawaru.
 10563 | D:7      | Found a runed translucent door.
 10564 | D:7      | Noticed Crazy Yiuf
 10570 | D:7      | Killed Crazy Yiuf
 11176 | D:8      | Reached skill level 5 in Fire Magic
 11294 | D:8      | Found a white marble altar of Elyvilon.
 11475 | D:8      | Found a roughly hewn altar of Beogh.
 11493 | D:8      | Gained mutation: Your cowardice makes you less effective in
                  | combat with threatening foes. [Ru sacrifice]
 11493 | D:8      | Reached *** piety under Ru
 12001 | D:8      | Reached skill level 5 in Spellcasting
 12470 | D:9      | Noticed an elephant
 12502 | D:9      | Killed an elephant
 12655 | D:9      | Found an ancient bone altar of Kikubaaqudgha.
 12657 | D:9      | Found a hide-covered altar of Uskayaw.
 12762 | D:9      | Noticed a gargoyle
 12770 | D:9      | Killed a gargoyle
 12771 | D:9      | Reached skill level 1 in Shapeshifting
 12896 | D:9      | Reached skill level 2 in Shapeshifting
 13039 | D:9      | Found a staircase to the Lair.
 13110 | D:9      | Reached skill level 3 in Shapeshifting
 13467 | D:9      | Noticed a two-headed ogre
 13468 | D:9      | Noticed Erolcha
 13471 | D:9      | Killed Erolcha
 13472 | D:9      | Reached XP level 11. HP: 94/94 MP: 20/20
 13478 | D:9      | Killed a two-headed ogre
 13479 | D:9      | Reached skill level 4 in Shapeshifting
 13626 | D:10     | Entered Level 10 of the Dungeon
 13645 | D:10     | Found Dasac's Assorted Antiques.
 13715 | D:10     | Found Vuvar's Antique Armour Boutique.
 13718 | D:10     | Noticed Maurice
 13724 | D:10     | Killed Maurice
 13841 | D:10     | Found Harawkol's Assorted Antiques.
 13849 | D:10     | Bought a sparkling carnelian ring for 95 gold pieces
 13849 | D:10     | Identified the ring of Tiylua Liati {rElec EV+5} (You
                  | bought it in a shop on level 10 of the Dungeon)
 13993 | D:10     | Gained mutation: You are missing an eye, making it more
                  | difficult to aim. [Ru sacrifice]
 13993 | D:10     | Reached **** piety under Ru
 14012 | D:10     | Identified the +0 whip of Raresh {pain, rPois rC+++ Dex-3
                  | Stlth+}
 14049 | D:10     | Noticed Grum
 14065 | D:10     | Killed Grum
 14080 | D:10     | Noticed a boulder beetle
 14097 | D:10     | Killed a boulder beetle
 14535 | D:10     | Found Yqiepsanko's Armour Emporium.
 14545 | D:10     | Reached skill level 5 in Shields
 14723 | D:10     | Found Vaps's Antique Armour Shoppe.
 14785 | D:10     | Noticed Psyche
 14802 | D:10     | Killed Psyche
 15066 | D:10     | Found Cyado's Antique Armour Shoppe.
 15209 | D:10     | Noticed a two-headed ogre
 15236 | D:10     | Killed a two-headed ogre
 16100 | D:11     | Noticed an orange crystal statue
 16738 | D:11     | Reached skill level 5 in Shapeshifting
 17175 | Lair:1   | Entered Level 1 of the Lair of Beasts
 17230 | Lair:1   | Gained mutation: You are hated by all. [Ru sacrifice]
 17230 | Lair:1   | Reached ***** piety under Ru
 17503 | Lair:1   | Reached skill level 6 in Shapeshifting
 18196 | Lair:2   | Reached XP level 12. HP: 93/101 MP: 14/21
 18646 | Lair:2   | Reached skill level 7 in Shapeshifting
 18983 | Lair:2   | Reached skill level 5 in Unarmed Combat
 19186 | Lair:2   | Found a staircase to the Snake Pit.
 19319 | Lair:2   | Gained mutation: You cannot be stealthy. [Ru sacrifice]
 19444 | Lair:2   | Found a staircase to the Swamp.
 19500 | Lair:2   | Noticed a seven-headed hydra
 19964 | Lair:2   | Killed a seven-headed hydra
 20369 | Lair:3   | Reached skill level 8 in Shapeshifting
 21131 | Lair:3   | Reached skill level 9 in Shapeshifting
 22494 | Lair:4   | Reached skill level 10 in Shapeshifting
 22955 | Lair:4   | Reached XP level 13. HP: 107/107 MP: 22/22
 23227 | Lair:4   | Reached skill level 11 in Shapeshifting
 23390 | Lair:5   | Entered Level 5 of the Lair of Beasts
 23908 | Lair:5   | Reached skill level 12 in Shapeshifting
 24264 | Lair:5   | Found a staircase to the Slime Pits.
 25453 | Lair:5   | Gained mutation: You cannot study or cast Earth magic. [Ru
                  | sacrifice]
 25453 | Lair:5   | Gained mutation: You cannot study or cast Hexes magic. [Ru
                  | sacrifice]
 25453 | Lair:5   | Gained mutation: You cannot study or cast Translocations
                  | magic. [Ru sacrifice]
 25453 | Lair:5   | Reached ****** piety under Ru
 25573 | Lair:5   | Reached skill level 13 in Shapeshifting
 25891 | Lair:5   | Found a snail-covered altar of Cheibriados.
 26575 | Lair:5   | Reached skill level 14 in Shapeshifting
 26878 | Lair:5   | Noticed a dire elephant
 26888 | Lair:5   | Killed a dire elephant
 26889 | Lair:5   | Gained mutation: Your large and strong wings let you fly.
                  | [Black Draconian growth]
 26889 | Lair:5   | Reached XP level 14. HP: 101/115 MP: 19/23
 27206 | D:12     | Found a staircase to the Orcish Mines.
 27691 | D:12     | Reached skill level 15 in Shapeshifting
 27792 | D:12     | Found a runed translucent door.
 27794 | D:12     | Noticed hikkokomori's ghost (journeyman CoBe)
 28153 | Orc:1    | Entered Level 1 of the Orcish Mines
 28229 | Orc:2    | Entered Level 2 of the Orcish Mines
 28238 | Orc:2    | Found a frozen archway.
 28324 | IceCv    | Entered an ice cave
 28460 | IceCv    | Found a transporter.
 28465 | IceCv    | Found the +3 pair of mountain boots {steadfast, rC+}
 28475 | IceCv    | Found a transporter.
 29172 | Orc:2    | Found a staircase to the Elven Halls.
 29388 | Orc:2    | Reached skill level 16 in Shapeshifting
 29713 | Orc:2    | Found Yhoomnaco's Distillery.
 29713 | Orc:2    | Found Geloaxul's Armour Boutique.
 29713 | Orc:2    | Found Hynoset's Antique Weapon Shop.
 29717 | Orc:2    | Found Yniak's Assorted Antiques.
 30149 | Snake:1  | Entered Level 1 of the Snake Pit
 31099 | Snake:1  | Reached skill level 10 in Unarmed Combat
 31099 | Snake:1  | Found Kuqatrio's Armour Shop.
 31625 | Snake:1  | Reached XP level 15. HP: 121/121 MP: 24/24
 32775 | Snake:1  | Noticed a nagaraja
 32783 | Snake:1  | Killed a nagaraja
 32788 | Snake:1  | Reached skill level 10 in Fighting
 33249 | Orc:1    | Noticed Fannar
 33249 | Orc:1    | Found Baukk's Book Boutique.
 33255 | Orc:1    | Killed Fannar
 33259 | Orc:1    | Paralysed by an orc sorcerer for 3 turns
 33399 | Orc:1    | Noticed Nergalle
 33408 | Orc:1    | Killed Nergalle
 33409 | Orc:1    | Reached skill level 1 in Air Magic
 33690 | Orc:1    | Noticed Sonja
 33696 | Orc:1    | Killed Sonja
 33813 | Elf:1    | Entered Level 1 of the Elven Halls
 33829 | Elf:1    | Found an ancient bone altar of Kikubaaqudgha.
 33889 | Elf:1    | Paralysed by an air elemental for 1 turns
 33940 | Elf:1    | Identified a scroll of acquirement
 33941 | Elf:1    | Acquired the +1 hat of Huneinea {Harm +Inv}
 34508 | Elf:1    | Collided with a rock wall

Illustrated notes

Levels and vault maps discovered:
D:1:      onia_arrival_handbag, layout_loops_ring, chequers_decorated_corner
D:2:      layout_basic, ebering_ecumenical_altar_mist,
          dreamdust_mushroom_princess, minmay_vboxes
D:3:      layout_rooms, nicolae_ru_the_path_less_chosen,
          grunt_temple_overflow_open, serial_shops, shop, shop,
          nicolae_shop_behind_doors, nicolae_shop_tiny_real_fake_doors,
          nicolae_shop_tiny_statue_garden, grunt_decor_junction
D:4:      layout_basic, yredelemnul_altar_generic, grunt_ministairs_15
D:5:      layout_basic, minmay_statues_item, uniq_grinder, uniq_blork_the_orc
D:6:      layout_basic, zin_purify, mainiacjoe_overflow_concentric_impassable,
          gammafunk_ghost_necromancy, uniq_maggie, uniq_sigmund,
          uniq_prince_ribbit1, uniq_pikel
D:7:      layout_gridville, mainiacjoe_overflow_tiny_flanked,
          mainiacjoe_overflow_alcove_1, nicolae_dithmenos_shadow_blocks,
          minmay_temple_entry_proselytizer, serial_bayou_lake_a,
          uniq_crazy_yiuf_cottage, uniq_joseph
D:8:      layout_basic, kennysheep_mini, special_room [special_room_orc],
          kb_lookout_dungeons_type
D:9:      layout_long_grid, nicolae_overflow_squiral,
          grunt_lair_entry_orc_guard_hut, minivault_7, uniq_erolcha
D:10:     layout_stronghold, serial_shops,
          nicolae_shop_temple_entry_statues_fountains, shop,
          nicolae_shop_scrapyard, shop_fountains, shop, kennysheep_diamond,
          uniq_psyche, uniq_maurice, uniq_grum
D:11:     layout_basic, minivault_16, minmay_misc_feat_roman
D:12:     minmay_coctagon, layout_long_grid, david_orc_3,
          ebering_ghost_inner_flame, minivault_11, hangedman_decor_lopped
Lair:1:   layout_misc_corridors, serial_bayou_pond_c, grunt_megastairs_3,
          serial_bayou_shore_b
Lair:2:   layout_chaotic_city, swamp_mist, guppyfry_snake_entry_garden,
          beast_lair_carwin_7
Lair:3:   layout_cellular_growth
Lair:4:   layout_misc_corridors, chequers_serial_rivers_room_b,
          grunt_forest_large_clearings
Lair:5:   grunt_lair_end_beastmaster, layout_hall_layers,
          nicolae_slime_entry_field_trip, kennysheep_snail_temple,
          lemuel_fruit_fields
Snake:1:  layout_gridlike, serial_shops, nicolae_shop_window_shopping,
          hangedman_snake_sidewinding
Orc:1:    layout_diamond_mine, serial_shops, shop, uniq_fannar, uniq_sonja,
          uniq_nergalle
Orc:2:    st_orc_rangers, layout_diamond_mine, basic_altar,
          portal_ice_cave_entry_pillars_2
Elf:1:    layout_geoelf_octagon, basic_altar, kennysheep_underground_church

Skill      XL: |  1  2  3  4  5  6  7  8  9 10 11 12 13 14 15 |
---------------+----------------------------------------------+-----
Spellcasting   | 3 6 |  6.0
Alchemy        | 4 5 6 7 8 |  8.0
Fighting       | 3 5 7 8 10 | 10.8
Dodging        | 4 6 8 |  8.0
Short Blades   | 4 5 |  5.7
Unarmed Combat | 3 4 7 10 11 | 11.6
Fire Magic     | 4 5 |  5.0
Shapeshifting  | 3 6 10 14 16 | 16.0
Shields        | 6 |  6.0
Stealth        | 0 |  0.0
Air Magic      | 3 |  3.5
Conjurations   | |  1.0

Action                     |  1- 3 |  4- 6 |  7- 9 | 10-12 | 13-15 || total
---------------------------+-------+-------+-------+-------+-------++-------
  Melee: Long sword        |     6 |       |       |       |       ||     6
         Hand axe          |    28 |    40 |    11 |       |       ||    79
         Tailslap          |     3 |     4 |    16 |    54 |    51 ||   128
         Dagger            |       |       |   100 |   355 |       ||   455
         Unarmed           |       |       |       |    13 |   509 ||   522
         Whip              |       |       |       |       |    15 ||    15
         Punch             |       |       |       |       |     8 ||     8
         Bite              |       |       |       |       |     8 ||     8
   Cast: Sting             |    65 |    85 |    70 |     5 |     6 ||   231
         Olgreb's Toxic Ra |       |     5 |    38 |   137 |    97 ||   277
         Sticky Flame      |       |       |     3 |    58 |   112 ||   173
 Invoke: Sacrifice Artific |       |       |     1 |       |       ||     1
         Sacrifice Courage |       |       |       |     1 |       ||     1
         Sacrifice Love    |       |       |       |     1 |       ||     1
         Sacrifice an Eye  |       |       |       |     1 |       ||     1
         Sacrifice Stealth |       |       |       |     1 |       ||     1
         Reject Sacrifices |       |       |       |     1 |       ||     1
         Sacrifice Arcana  |       |       |       |       |     1 ||     1
         Apocalypse        |       |       |       |       |     2 ||     2
         Draw Out Power    |       |       |       |       |     1 ||     1
Ability: Galvanic Breath   |       |       |     3 |     5 |    10 ||    18
    Use: Scroll            |       |     6 |     4 |     8 |    10 ||    28
         Potion            |       |       |       |     1 |     1 ||     2
   Stab: Sleeping          |       |     2 |       |     1 |       ||     3
         Invisible         |       |       |       |     3 |     5 ||     8
         Petrified         |       |       |       |       |    22 ||    22
         Paralysed         |       |       |       |       |     8 ||     8
         Distracted        |       |       |       |       |     1 ||     1
 Armour: Skin              |    43 |    57 |   108 |   267 |   920 ||  1395
  Dodge: Dodged            |    31 |    50 |   103 |   252 |   466 ||   902
  Block: Buckler           |       |       |       |   103 |   215 ||   318
         Form:             |       |       |       |     1 |       ||     1
         Serpent           |       |       |       |     1 |       ||     1
         Statue            |       |       |       |       |     2 ||     2
         Dragon            |       |       |       |       |     2 ||     2

Table legend: (Time is in decaauts)
 A = Elapsed time spent in this place.
 B = Non-inter-level travel time spent in this place.
 C = Inter-level travel time spent in this place.
 D = Time resting spent in this place.
 E = Time spent auto-exploring this place.
 F = Levels seen in this place.
 G = Mean time per level.
                   A        B        C        D        E       F      G
               +--------+--------+--------+--------+--------+-----+--------+
         Total |  36572 |  35170 |   1402 |  11973 |  18120 |  22 | 1662.4 |
       Dungeon |  19006 |  18207 |    799 |   4815 |  10796 |  12 | 1583.8 |
          Lair |  10126 |   9704 |    422 |   3646 |   4703 |   5 | 2025.2 |
     Snake Pit |   3871 |   3811 |     60 |   1722 |   1544 |   1 | 3871.0 |
  Orcish Mines |   2626 |   2506 |    120 |   1122 |    933 |   2 | 1313.0 |
   Elven Halls |    686 |    686 |      0 |    484 |    142 |   1 |  686.0 |
      Ice Cave |    255 |    255 |      0 |    183 |      0 |   1 |  255.0 |
               +--------+--------+--------+--------+--------+-----+--------+

Top non-repeatable levels by time:
 Snake:1: 3871 daAuts
  Lair:5: 3048 daAuts
     D:7: 2497 daAuts
   Orc:2: 1998 daAuts
     D:4: 1968 daAuts
  Lair:3: 1926 daAuts
    D:11: 1899 daAuts
  Lair:2: 1869 daAuts
     D:6: 1788 daAuts
  Lair:4: 1785 daAuts
    D:10: 1712 daAuts
     D:9: 1701 daAuts
     D:5: 1531 daAuts
  Lair:1: 1496 daAuts
    D:12: 1451 daAuts
